 Dungeon Crawl Stone Soup version 0.27.1-34-g3ba077fa99 (webtiles) character file.

Game seed: 8161294363093730013

4673 Cykl0x the Conjurer (level 10, -8/59 HPs)
             Began as a Gargoyle Conjurer on Jan 25, 2022.
             Was a Follower of the Shining One.
             Mangled by a two-headed ogre (10 damage)
             ... on level 8 of the Dungeon.
             The game lasted 00:27:50 (9670 turns).

Cykl0x the Conjurer (Gargoyle Conjurer)             Turns: 9670, Time: 00:27:51

Health: -8/59      AC: 19    Str: 14    XL:     10   Next: 44%
Magic:  3/16       EV: 11    Int: 23    God:    the Shining One [*.....]
Gold:   743        SH:  4    Dex:  8    Spells: 8/18 levels left

rFire    + . .     SeeInvis +   y - +2 long sword
rCold    + . .     Faith    .   e - +0 buckler
rNeg     + . .     Spirit   .   c - +4 ring mail of Sophism {Contam Fly Int+4}
rPois    ∞         Reflect  .   u - +2 hat
rElec    +         Harm     .   r - scarf {rC+ rF+}
rCorr    .         Rampage  .   (no gloves)
Will     .....                  (no boots)
Stlth    +.........             (no amulet)
HPRegen  0.19/turn              C - ring of wizardry
MPRegen  0.15/turn              B - ring of see invisible

@: flying, glowing
A: sickness immunity, AC +7, negative energy resistance 1, electricity
resistance, torment resistance 1, petrification resistance
a: Renounce Religion


You were on level 8 of the Dungeon.
You worshipped the Shining One.
The Shining One was aware of your devotion.
You visited 1 branch of the dungeon, and saw 8 of its levels.

You collected 1916 gold pieces.
You spent 1173 gold pieces at shops.

Inventory:

Hand Weapons
 b - a +0 short sword
 k - a +0 falchion of freezing
 y - a +2 long sword (weapon)
Missiles
 g - 3 throwing nets
Armour
 a - a +0 robe
 c - the +4 ring mail of Sophism (worn) {Contam Fly Int+4}
   (You bought it in a shop on level 1 of the Dungeon)

   Int:       It affects your intelligence (+4).
   Fly:       It grants you flight.
   Contam:    It causes magical contamination when unequipped.
 e - a +0 buckler (worn)
 f - a +2 cloak of willpower
 n - +0 steam dragon scales
 o - a +0 tower shield
 p - a +0 helmet
 r - a scarf of resistance (worn)
 u - a +2 hat (worn)
Jewellery
 h - a +4 ring of evasion
 B - a ring of see invisible (right hand)
 C - a ring of wizardry (left hand)
 D - a ring of positive energy
Wands
 s - a wand of mindburst (26)
 t - a wand of iceblast (12)
 w - a wand of polymorph (18)
 E - a wand of paralysis (20)
Scrolls
 i - 2 scrolls of fear
 F - a scroll of amnesia
Potions
 d - 5 potions of attraction
 j - 7 potions of curing
 l - a potion of might
 m - 2 potions of mutation
 q - 4 potions of brilliance
 v - 2 potions of lignification
 x - a potion of degeneration {unknown}
 z - a potion of invisibility {unknown}
 A - a potion of haste {unknown}
 G - 2 potions of magic {unknown}


   Skills:
 + Level 5.4 Fighting
 + Level 5.5 Long Blades
 + Level 6.5 Armour
 + Level 3.5 Dodging
 - Level 2.1 Stealth
 + Level 3.0 Shields
 + Level 4.5 Spellcasting
 + Level 7.2 Conjurations
 - Level 4.7 Hexes
 + Level 2.9 Earth Magic
 * Level 3.8 Invocations


You had 8 spell levels left.
You knew the following spells:

 Your Spells              Type           Power      Damage    Failure   Level
a - Magic Dart            Conj           100%       1d8       1%          1
b - Searing Ray           Conj           76%        3d6       1%          2
c - Fulminant Prism       Conj/Hex       16%        3d11      8%          4
d - Stone Arrow           Conj/Erth      56%        3d10      3%          3

Your spell library contained the following spells:

 Spells                   Type           Power      Damage    Failure   Level
 Foxfire                  Conj/Fire      84%        2x1d8     1%          1
 Shock                    Conj/Air       84%        1d8       1%          1
 Dazzling Flash           Conj/Hex       64%        N/A       2%          3
 Conjure Flame            Conj/Fire      21%        6-21      6%          3
 Inner Flame              Hex/Fire       16%        N/A       10%         3
 Cause Fear               Hex            13%        N/A       12%         4
 Iskenderun's Mystic Bla  Conj/Tloc      21%        2d6       19%         4
 Sticky Flame             Conj/Fire      21%        2d4       19%         4
 Ignite Poison            Fire/Tmut/Pois 5%         N/A       26%         3
 Swiftness                Air            5%         N/A       26%         3
 Animate Armour           Summ/Erth      24%        N/A       41%         4
 Airstrike                Air            2%         N/A       61%         4
 Starburst                Conj/Fire      10%        6d5       94%         6
 Discord                  Hex            13%        N/A       100%        8
 Lehudib's Crystal Spear  Conj/Erth      14%        10d5      100%        8


Dungeon Overview and Level Annotations

Branches:
Dungeon (8/15)             Temple (0/1) D:7            Lair (0/6) D:8

Altars:
Cheibriados
Gozag
Kikubaaqudgha
Makhleb
Uskayaw
Yredelemnul
The Shining One

Shops:
D:1 [   D:2 =!((!   D:3 [=*:

Annotations:
D:4 3 runed translucent doors, kalagan's ghost, amateur DECj


Innate Abilities, Weirdness & Mutations

You are immune to sickness and miasma.
Your stone body is resilient. (AC +7)
You are immune to poison.
You resist negative energy. (rN+)
You are resistant to electric shocks. (rElec)
You are resistant to unholy torment.
You are immune to petrification.


Message History

You hit the two-headed ogre.
The two-headed ogre is lightly wounded.
The two-headed ogre barely misses you.
You riposte.
You hit the two-headed ogre.
The two-headed ogre is lightly wounded.
The two-headed ogre barely misses you.
You hit the two-headed ogre.
The two-headed ogre is lightly wounded.
The two-headed ogre hits you with a +0 giant club!
You block the two-headed ogre's attack.
You are too injured to fight recklessly!
You are too injured to fight recklessly!
You are too injured to fight recklessly!
You are too injured to fight recklessly!
You are too injured to fight recklessly!
You are too injured to fight recklessly!
You are too injured to fight recklessly!
You are too injured to fight recklessly!
You are too injured to fight recklessly!
You are too injured to fight recklessly!
You are too injured to fight recklessly!
You are too injured to fight recklessly!
Unknown command.
Casting: Magic Dart (safe; 1% risk of failure)
Confirm with . or Enter, or press ? or * to list all spells.
Aiming: Stone Arrow (dangerous; 3% risk of failure)
Press: ? - help, Shift-Dir - straight line, f - two-headed ogre, p - wight
Aim: a two-headed ogre, wielding two +0 giant clubs (lightly wounded, haloed, 91% to hit)
The stone arrow hits the two-headed ogre!
The two-headed ogre is moderately wounded.
The two-headed ogre hits you with a +0 giant club!
* * * LOW HITPOINT WARNING * * *
The two-headed ogre hits you with a +0 giant club!
* * * LOW HITPOINT WARNING * * *
Unknown command.
You feel better.
The two-headed ogre hits you with a +0 giant club!
* * * LOW HITPOINT WARNING * * *
The two-headed ogre hits you with a +0 giant club!
You die...

#.......#
#######.# .
#.##########
..
#..........#
.#
##########.#
.. #.#
##.#.#.
#.##.......
#.OzF#
#@##§§§D...
#.# ##>#.#.
#.# # #.#
#.. ###


You could see a two-headed ogre, a bullfrog and a wight.

Vanquished Creatures
  Harold (D:7)
  Maggie (D:7)
  Grinder (D:5)
  Prince Ribbit (D:6)
  A shadow (D:5)
  A wyvern (D:7)
  2 steam dragons
  Edmund (D:4)
  3 water moccasins
  3 ice beasts
  Duvessa (D:6)
  2 orc warriors (D:7)
  A centaur (D:7)
  A sky beast (D:7)
  2 kobold brigands (D:7)
  2 bullfrogs (D:8)
  A wyvern zombie (D:6)
  The ghost of elgoggo the Ruffian, a weakling TrDe (D:5)
  A water moccasin skeleton (D:5)
  6 killer bees
  A howler monkey (D:5)
  5 wights
  A centaur zombie (D:6)
  4 orc priests
  2 hounds
  A centaur skeleton (D:5)
  3 jellies
  Crazy Yiuf (D:2)
  A bullfrog skeleton (D:4)
  5 orc wizards
  An iguana (D:6)
  3 hound skeletons
  A howler monkey zombie (D:8)
  Robin (D:2)
  7 adders
  A shadow imp (D:6)
  2 white imps
  3 dart slugs
  13 orcs
  5 endoplasms
  A giant cockroach (D:1)
  7 hobgoblins
  4 jackals (D:4)
  17 kobolds
  3 quokkas
  6 ball pythons
  3 bats
  4 frilled lizards
  11 goblins
  6 rats
156 creatures vanquished.

Vanquished Creatures (others)
  5 fulminant prisms
  21 plants (D:3)
26 creatures vanquished.

Grand Total: 182 creatures vanquished

Notes
Turn   | Place    | Note
-------+----------+-------------------------------------------
     0 | D:1      | Cykl0x the Gargoyle Conjurer began the quest for the Orb.
     0 | D:1      | Reached XP level 1. HP: 10/10 MP: 3/3
   170 | D:1      | Found Moom Tot's Armour Shoppe.
   187 | D:1      | Reached XP level 2. HP: 15/15 MP: 0/5
   253 | D:1      | Identified a scroll of acquirement
   253 | D:1      | Acquired 1174 gold pieces
   262 | D:1      | Bought the +4 ring mail of Sophism {Contam Fly Int+4} for
                  | 394 gold pieces
   262 | D:1      | Bought a +0 buckler for 49 gold pieces
   262 | D:1      | Bought a +1 cloak of willpower for 181 gold pieces
   285 | D:1      | Learned a level 2 spell: Searing Ray
   798 | D:1      | Found a faded altar of an unknown god.
  1404 | D:2      | Acquired 296 gold pieces
  1470 | D:2      | Found a runed translucent door.
  1471 | D:2      | Noticed Crazy Yiuf
  1477 | D:2      | Killed Crazy Yiuf
  1478 | D:2      | Reached skill level 1 in Armour
  1478 | D:2      | Reached skill level 5 in Conjurations
  1478 | D:2      | Reached XP level 3. HP: 10/20 MP: 1/6
  1705 | D:2      | Found Tomnunyf's Jewellery Boutique.
  1705 | D:2      | Found Batt's Antique Weapon Boutique.
  1723 | D:2      | Found Havver's Weapon Shoppe.
  1768 | D:2      | Bought a falchion for 75 gold pieces
  1776 | D:2      | Found Jenawast's Distillery.
  1802 | D:2      | Bought a potion of might for 44 gold pieces
  1802 | D:2      | Bought 2 potions of curing for 66 gold pieces
  1802 | D:2      | Bought a potion of mutation for 88 gold pieces
  1802 | D:2      | Bought a potion of resistance for 110 gold pieces
  1858 | D:2      | Noticed Robin
  1870 | D:2      | Reached skill level 1 in Fighting
  1870 | D:2      | Reached XP level 4. HP: 25/25 MP: 1/7
  1870 | D:2      | Killed Robin
  2138 | D:2      | Learned a level 4 spell: Fulminant Prism
  2174 | D:2      | Reached skill level 1 in Hexes
  2175 | D:2      | Reached skill level 1 in Long Blades
  2213 | D:2      | Found Engijy's Distillery.
  2222 | D:2      | Bought a potion of heal wounds for 65 gold pieces
  2416 | D:3      | Reached XP level 5. HP: 22/29 MP: 8/8
  2898 | D:3      | Found Kocost's Armour Shoppe.
  3046 | D:3      | Found Ruateib's Jewellery Shoppe.
  3049 | D:3      | Found Dacuaxt's Assorted Antiques.
  3058 | D:3      | Bought a golden potion for 23 gold pieces
  3058 | D:3      | Bought a scroll labelled XOGEREH COXY for 26 gold pieces
  3058 | D:3      | Bought a scroll of identify for 52 gold pieces
  3233 | D:3      | Found Ytoesime's Book Shop.
  3697 | D:4      | Noticed an ice beast
  3715 | D:4      | Found a runed translucent gate.
  3715 | D:4      | Found a runed translucent gate.
  3715 | D:4      | Found a runed translucent gate.
  3741 | D:4      | Identified the +1 chain mail "Huof" {rN+ Int+4}
  3757 | D:4      | Noticed kalagan's ghost (amateur DECj)
  4064 | D:4      | Reached XP level 6. HP: 35/35 MP: 9/9
  4553 | D:5      | Entered Level 5 of the Dungeon
  4553 | D:5      | Noticed elgoggo's ghost (weakling TrDe)
  4553 | D:5      | Found a runed translucent door.
  4564 | D:5      | Killed elgoggo's ghost
  4648 | D:5      | Noticed Grinder
  4657 | D:5      | Noticed Edmund
  4690 | D:4      | Killed Edmund
  4691 | D:4      | Reached XP level 7. HP: 15/40 MP: 5/10
  4701 | D:5      | Killed Grinder
  4702 | D:5      | Reached skill level 1 in Shields
  5160 | D:5      | Reached XP level 8. HP: 41/46 MP: 6/12
  5371 | D:5      | Noticed a shadow
  5377 | D:5      | Killed a shadow
  5756 | D:5      | Identified the +8 flail "Mautymuc" {vorpal, Int+2}
  5861 | D:6      | Found an ancient bone altar of Kikubaaqudgha.
  5863 | D:6      | Noticed Duvessa
  5871 | D:6      | Killed Duvessa
  5873 | D:6      | Noticed Dowan
  5988 | D:6      | Noticed Dowan
  5988 | D:6      | Dowan changed into Dowan the iguana
  5998 | D:6      | Reached skill level 6 in Conjurations
  6009 | D:6      | Killed Dowan the iguana
  6305 | D:6      | Noticed Prince Ribbit
  6320 | D:6      | Killed Prince Ribbit
  6321 | D:6      | Reached XP level 9. HP: 52/52 MP: 5/14
  6430 | D:6      | Reached skill level 5 in Armour
  7022 | D:6      | Found a basalt altar of Yredelemnul.
  7025 | D:6      | Found a glowing golden altar of the Shining One.
  7027 | D:6      | Noticed an angel
  7032 | D:6      | Became a worshipper of the Shining One
  7048 | D:6      | Noticed a profane servitor
  7222 | D:6      | Learned a level 3 spell: Stone Arrow
  7269 | D:7      | Noticed Maggie
  7282 | D:7      | Killed Maggie
  7283 | D:7      | Reached skill level 1 in Earth Magic
  7283 | D:7      | Reached skill level 1 in Invocations
  7464 | D:7      | Reached skill level 5 in Fighting
  7881 | D:7      | Found an opulent altar of Gozag.
  8009 | D:7      | Noticed Harold
  8067 | D:7      | Reached XP level 10. HP: 17/59 MP: 4/16
  8135 | D:7      | Killed Harold
  8136 | D:7      | Reached skill level 5 in Long Blades
  8136 | D:7      | Reached skill level 7 in Conjurations
  8460 | D:7      | Found a staircase to the Ecumenical Temple.
  8986 | D:8      | Found a staircase to the Lair.
  9175 | D:8      | Found a hide-covered altar of Uskayaw.
  9491 | D:8      | Found a burning altar of Makhleb.
  9547 | D:8      | Found a snail-covered altar of Cheibriados.
  9640 | D:8      | Reached * piety under the Shining One
  9657 | D:8      | Noticed a two-headed ogre
  9670 | D:8      | HP: 2/59 [two-headed ogre (8)]
  9670 | D:8      | Mangled by a two-headed ogre

Illustrated notes

Levels and vault maps discovered:
D:1:      lemuel_arrival_tunnels, layout_loops_ring, serial_shops, shop,
          hellmonk_ecumenical_altar_inner_sanctum, minmay_misc_feat_hallway,
          chequers_serial_rivers_large_a, corexii_hall_statues_t, minivault_5,
          hangedman_decor_clover_reticule
D:2:      layout_loops_ring, serial_shops,
          nicolae_shop_temple_entry_statues_fountains, shop_statue,
          nicolae_shop_stone, nicolae_shop_overgrown_old_shop, shop,
          st_stairs_3, uniq_crazy_yiuf_cottage, uniq_robin
D:3:      layout_loops_ring, serial_shops, nicolae_shop_crystal, shop,
          nicolae_square_shop, nicolae_shop_crystal, serial_bayou,
          serial_bayou_lake_a, serial_bayou_pond_c, serial_bayou_lagoon_b,
          serial_bayou_crossing
D:4:      layout_loops_ring, gammafunk_ghost_icy
D:5:      minmay_angry_zag, layout_basic, hellmonk_ghost_happy_afterlife,
          minmay_quadrilaterals, uniq_grinder, uniq_edmund
D:6:      layout_loops_ring, grunt_temple_overflow_holy_war,
          mainiacjoe_overflow_catwalk, uniq_duvessa, uniq_prince_ribbit1
D:7:      layout_loops_ring, nicolae_gozag_cash_rules_everything_around_me,
          minmay_temple_entry_statues, uniq_maggie, uniq_harold
D:8:      layout_basic, kennysheep_slug_shrine, mainiacjoe_overflow_alcove_2,
          lemuel_round_altar, dpeg_oklobed_lair, hangedman_decor_peaks_small,
          st_stairs_10

Skill      XL: |  1  2  3  4  5  6  7  8  9 10 |
---------------+-------------------------------+-----
Armour         | 1 2 3 4 6 |  6.5
Conjurations   | 5 6 7 |  7.2
Fighting       | 1 2 3 4 5 |  5.4
Hexes          | 1 2 3 4 |  4.7
Long Blades    | 1 2 3 4 5 |  5.5
Dodging        | 2 3 |  3.5
Shields        | 1 2 3 |  3.0
Spellcasting   | 3 4 |  4.5
Earth Magic    | 2 |  2.9
Invocations    | 2 3 |  3.8
Stealth        | |  2.1

Action                   |  1- 3 |  4- 6 |  7- 9 | 10-12 || total
-------------------------+-------+-------+-------+-------++-------
Melee: Short sword       |    30 |       |       |       ||    30
       Falchion          |     5 |   122 |    49 |       ||   176
       Long sword        |       |       |    95 |    27 ||   122
 Cast: Magic Dart        |    27 |    34 |    39 |    20 ||   120
       Searing Ray       |     5 |    13 |    21 |     3 ||    42
       Stone Arrow       |       |       |    17 |    12 ||    29
       Fulminant Prism   |       |       |     3 |     2 ||     5
Evoke: Wand              |       |       |     1 |       ||     1
  Use: Scroll            |     4 |     8 |     2 |     1 ||    15
       Potion            |       |     2 |     4 |     1 ||     7
Armor: Ring mail         |    20 |    61 |    92 |    19 ||   192
       Skin              |       |       |     3 |       ||     3
Dodge: Dodged            |    12 |    86 |   106 |    20 ||   224
Block: Buckler           |     3 |    18 |    29 |     7 ||    57
       Rpst.: Falchion   |     1 |    23 |     9 |       ||    33
       Long sword        |       |       |    19 |     5 ||    24
